 Dungeon Crawl Stone Soup version 0.29-a0-344-ge2f44be95a (webtiles) character file.

Game seed: 8617896443348897736

82121 siradein the Geomancer (level 15, -2/132 HPs)
             Began as a Deep Dwarf Earth Elementalist on Apr 21, 2022.
             Was the Champion of Makhleb.
             Killed from afar by Lodul (24 damage)
             ... with a bolt of lightning
             ... on level 13 of the Dungeon on Apr 22, 2022.
             The game lasted 02:37:24 (30948 turns).

siradein the Geomancer (DDEE)                      Turns: 30948, Time: 02:37:25

Health: -2/132     AC: 17    Str: 11    XL:     15   Next: 28%
Magic:  8/26       EV: 11    Int: 31    God:    Makhleb [******]
Gold:   734        SH:  4    Dex: 10    Spells: 12/31 levels left

rFire   . . .      SeeInvis .   x - staff of earth
rCold   + . .      Faith    .   z - +0 buckler
rNeg    + + .      Spirit   .   o - +0 scale mail "Anloi" {rC+ Will+ rCorr Int+3}
rPois   .          Reflect  .   Y - +0 helmet "Zajiag" {Will++ rCorr Str-2 Stlth+}
rElec   .          Harm     .   F - +2 cloak {Stlth+}
rCorr   +          Rampage  .   a - +0 pair of gloves
Will    +++++                   i - +1 pair of boots
Stlth   +++++.....              l - amulet of magic regeneration
HPRegen 0.00/turn               r - +6 ring of intelligence
MPRegen 0.60/turn               R - ring "Doutoth" {+Blink Fly rN+ Will+ Dex-3}

@: flying
A: damage resistance, heal wounds, negative energy resistance 1, sense
surroundings 2, no regeneration
a: Heal Wounds, Renounce Religion, Evoke Blink, Minor Destruction, Lesser
Servant of Makhleb, Major Destruction, Greater Servant of Makhleb


You were on level 13 of the Dungeon.
You worshipped Makhleb.
Makhleb was exalted by your worship.
You visited 4 branches of the dungeon, and saw 22 of its levels.

You collected 1635 gold pieces.
You spent 901 gold pieces at shops.

Inventory:

Hand Weapons
 Q - a +6 eveningstar of protection
Missiles
 b - 459 stones
Armour
 a - a +0 pair of gloves (worn)
 i - a +1 pair of boots (worn)
 o - the +0 scale mail "Anloi" (worn) {rC+ Will+ rCorr Int+3}
   (You found it on level 6 of the Lair of Beasts)

   Int:       It affects your intelligence (+3).
   rC:        It protects you from cold.
   rCorr:     It protects you from acid and corrosion.
   Will:      It increases your willpower.
 z - a +0 buckler (worn)
 B - the +2 robe of Xom's Whim {+Inv rF- Str+3 SInv}
   (You found it on level 5 of the Lair of Beasts)

   Str:       It affects your strength (+3).
   rF:        It makes you vulnerable to fire.
   SInv:      It lets you see invisible.
   +Inv:      It lets you turn invisible.
 F - a +2 cloak of stealth (worn)
 Y - the +0 helmet "Zajiag" (worn) {Will++ rCorr Str-2 Stlth+}
   (You acquired it on level 12 of the Dungeon)

   Str:       It affects your strength (-2).
   rCorr:     It protects you from acid and corrosion.
   Will:      It greatly increases your willpower.
   Stlth:     It makes you more stealthy.
Magical Staves
 x - a staff of earth (weapon)
 T - a staff of air
Jewellery
 g - a ring of resist corrosion
 l - an amulet of magic regeneration (around neck)
 r - a +6 ring of intelligence (left hand)
 C - a ring of see invisible
 H - a ring of poison resistance
 L - an amulet of the acrobat
 N - a ring of protection from cold
 R - the ring "Doutoth" (right hand) {+Blink Fly rN+ Will+ Dex-3}
   (You found it on level 4 of the Lair of Beasts)

   [ring of willpower]

   Dex:       It affects your dexterity (-3).
   rN:        It protects you from negative energy.
   Fly:       It grants you flight.
   +Blink:    It lets you blink.
   Will:      It increases your willpower.
Wands
 h - a wand of flame (41)
 y - a wand of acid (17)
 D - a wand of mindburst (25)
 U - a wand of iceblast (3)
 V - a wand of charming (6)
Scrolls
 j - 3 scrolls of blinking
 m - 4 scrolls of fog
 n - 4 scrolls of teleportation
 q - 3 scrolls of enchant weapon
 s - 2 scrolls of fear
 A - a scroll of amnesia
 E - 7 scrolls of immolation
 P - 2 scrolls of magic mapping
 S - a scroll of torment {unknown}
 X - a scroll of summoning {unknown}
Potions
 c - a potion of magic
 d - 7 potions of heal wounds
 e - 9 potions of curing
 f - 5 potions of mutation
 k - 4 potions of lignification
 p - 2 potions of brilliance
 t - 3 potions of haste
 v - 4 potions of might
 w - 2 potions of cancellation {unknown}
 G - 2 potions of degeneration {unknown}
 J - 2 potions of invisibility {unknown}
 M - a potion of berserk rage {unknown}
 O - 4 potions of ambrosia
Miscellaneous
 W - a phantom mirror


   Skills:
 + Level 7.8 Fighting
 + Level 9.5 Armour
 + Level 9.9 Dodging
 - Level 10.0 Stealth
 - Level 4.0 Shields
 + Level 8.5 Spellcasting
 + Level 8.8 Conjurations
 + Level 8.9 Necromancy
 - Level 0.8 Transmutations
 + Level 13.3 Earth Magic
 + Level 10.5 Invocations
 + Level 11.8 Evocations


You had 12 spell levels left.
You knew the following spells:

 Your Spells              Type           Power      Damage    Failure   Level
a - Borgnjor's Vile Clut  Necr/Erth      44%        N/A       6%          5
b - Vampiric Draining     Necr           62%        2d10      1%          3
c - Stone Arrow           Conj/Erth      100%       3d13      1%          3
d - Lee's Rapid Deconstr  Erth           48%        3d24*     2%          5
e - Passwall              Tmut/Erth      60%        N/A       1%          2
f - Sandblast             Erth           100%       2d20      1%          1

Your spell library contained the following spells:

 Spells                   Type           Power      Damage    Failure   Level
 Magic Dart               Conj           100%       1d8       1%          1
 Searing Ray              Conj           100%       2d8       1%          2
 Sublimation of Blood     Necr           62%        N/A       1%          2
 Petrify                  Tmut/Erth      72%        N/A       12%         4
 Slow                     Hex            52%        N/A       22%         1
 Wereblood                Tmut           18%        N/A       22%         2
 Fulminant Prism          Conj/Hex       20%        3d13      34%         4
 Iskenderun's Mystic Bla  Conj/Tloc      40%        2d9       34%         4
 Confusing Touch          Hex            13%        N/A       54%         3
 Inner Flame              Hex/Fire       13%        N/A       54%         3
 Irradiate                Conj/Tmut      21%        3d20      63%         5
 Statue Form              Tmut/Erth      48%        N/A       87%         6
 Cause Fear               Hex            6%         N/A       91%         4
 Alistair's Intoxication  Tmut/Pois      10%        N/A       99%         5
 Blade Hands              Tmut           9%         N/A       99%         5
 Metabolic Englaciation   Hex/Ice        6%         N/A       99%         5
 Eringya's Noxious Bog    Tmut/Pois      7%         N/A       100%        6
 Dragon Form              Tmut           9%         N/A       100%        7
 Summon Hydra             Summ           6%         N/A       100%        7
 Discord                  Hex            6%         N/A       100%        8


Dungeon Overview and Level Annotations

Branches:
Dungeon (13/15)            Temple (1/1) D:6            Lair (6/6) D:10
  Swamp (0/4) Lair:2       Spider (0/4) Lair:4        Slime (0/5) Lair:6
    Orc (2/2) D:11            Elf (0/3) Orc:2
 Vaults: D:13-14

Altars:
Ashenzari
Cheibriados
Dithmenos
Fedhas
Gozag
Hepliaklqana
Kikubaaqudgha
Makhleb
Nemelex Xobeh
Okawaru
Qazlal
Ru
Sif Muna
Trog
Uskayaw
Vehumet
Wu Jian
Xom
Yredelemnul
Zin
The Shining One
Beogh
Jiyva
Lugonu

Shops:
D:1 *   D:7 :   D:12 =   Orc:1 !   Orc:2 (:(*:*[(

Portals:
Abyss: Lair:6

Annotations:
D:13 Lodul
Orc:1 3 runed translucent doors, MeatMancer's ghost, journeyman MiMo


Innate Abilities, Weirdness & Mutations

You are resistant to damage.
You can heal yourself by infusing magical energy.
You resist negative energy. (rN+)
You passively map the area around you.
You do not regenerate.


Message History

Lodul is unaffected.
The zombie hands constrict Lodul!
The zombie hands constrict the ogre!
The zombie hands constrict the two-headed ogre.
The two-headed ogre struggles to escape constriction.
Lodul struggles to escape constriction.
The ogre barely misses you.
Unknown command.
Unknown command.
Unknown command.
You feel a surge of power!
The stone arrow hits the ogre.
You kill the ogre!
Makhleb accepts your kill.
The zombie hands constrict Lodul!
The zombie hands constrict the two-headed ogre!
The two-headed ogre escapes!
Electricity crackles from Lodul's apparatus.
The bolt of lightning hits you!!
An ogre comes into view. It is wielding a +0 giant spiked club.
You feel a surge of power!
The stone arrow hits the two-headed ogre!
The two-headed ogre is heavily wounded.
The zombie hands constrict Lodul!!
Electricity crackles from Lodul's apparatus.
The bolt of lightning hits you!!
Unknown command.
You feel a surge of power!
The stone arrow hits the two-headed ogre!!
The two-headed ogre is almost dead.
The zombie hands constrict Lodul!
The two-headed ogre hits you with a +0 giant club!
The two-headed ogre hits you with a +0 dire flail!
The two-headed ogre hits you with a +0 giant spiked club!!
The two-headed ogre hits you with a +0 giant spiked club!
* * * LOW HITPOINT WARNING * * *
Electricity crackles from Lodul's apparatus.
The bolt of lightning hits you!
* * * LOW HITPOINT WARNING * * *
The zombie hands release their grip on Lodul.
Electricity crackles from Lodul's apparatus.
The bolt of lightning hits you!!
You die...

* , * ,,* , * +
, , , ,, , , * *
* * * , , ,, , ,
, , , , , , , ,,
, .,, , *
######+####O..#
* * *
.......@OOO.O.#
,, *
,........O.....#
, ,, , *,
..............#
,, , , ,
..............#
,
*####..........#
* ...........# ,
....>.......# ,
..#:.........#
,, , , , * , ,*
,,,


You could see Lodul, 3 two-headed ogres and 2 ogres.

Vanquished Creatures
  A rockslime (Lair:6)
  An azure jelly (Lair:6)
  An orc warlord (Orc:2)
  A quicksilver ooze (Lair:6)
  Snorg (Lair:3)
  A fire dragon (D:12)
  A crystal guardian (D:12)
  An ettin (Orc:1)
  5 boulder beetles
  6 hydras
  An ogre mage (D:11)
  A catoblepas (Lair:6)
  A dancing weapon (D:6)
  9 two-headed ogres
  A tengu warrior (D:10)
  3 thrashing horrors (Lair:6)
  4 orc high priests (Orc:2)
  Urug (D:11)
  Sonja (Lair:3)
  The ghost of kevlar127 the Ruffian, a novice TrBe of Trog (D:6)
  3 orc knights (Orc:2)
  6 orc sorcerers (Orc:2)
  4 deep elf pyromancers (D:12)
  2 manticores (D:12)
  2 oklob plants (Lair:3)
  8 cyclopes
  3 ugly things
  Maurice (D:8)
  9 elephants
  4 black mambas
  14 cane toads
  A smoke demon (Lair:6)
  4 gargoyles
  A cane toad (shapeshifter) (Lair:6)
  2 rime drakes
  9 komodo dragons
  A yaktaur (D:12)
  2 ancient zymes (Lair:6)
  4 trolls
  A queen bee (Lair:1)
  3 polar bears
  Grinder (D:3)
  8 slime creatures
  5 dream sheep (Lair:5)
  19 blink frogs
  5 shadows
  2 ynoxinuls (Lair:6)
  4 wyverns
  3 wraiths
  44 yaks
  2 chaos spawn (Lair:6)
  A vampire mosquito (D:12)
  3 acid dragons
  14 water moccasins
  An ice beast (D:8)
  35 orc warriors
  2 sky beasts
  2 black bears
  11 ogres
  14 small abominations (Lair:6)
  4 centaurs
  12 wolves
  A phantom (D:5)
  A kobold brigand (D:8)
  10 bullfrogs
  4 gnoll sergeants
  5 scorpions
  7 wights
  36 killer bees
  5 electric eels (D:8)
  6 howler monkeys
  2 gnoll shamans
  2 hounds
  15 jellies
  18 orc priests
  Jessica (D:3)
  Natasha (thrice) (D:4)
  25 orc wizards
  5 hell rats (Lair:5)
  3 iguanas
  Robin (D:2)
  18 gnolls
  8 adders
  An ufetubus (D:6)
  3 dart slugs (D:4)
  72 orcs
  4 bats
  6 endoplasms
  4 giant cockroaches
  12 goblins
  10 hobgoblins
  6 jackals
  5 quokkas
  8 ball pythons
  3 frilled lizards
  9 kobolds
  9 rats
646 creatures vanquished.

Vanquished Creatures (others)
  2 gnolls (D:6)
  A bush (Lair:5)
  61 fungi
  75 plants
139 creatures vanquished.

Grand Total: 785 creatures vanquished

Notes
Turn   | Place    | Note
-------+----------+-------------------------------------------
     0 | D:1      | siradein the Deep Dwarf Earth Elementalist began the quest
                  | for the Orb.
     0 | D:1      | Reached XP level 1. HP: 15/15 MP: 3/3
    64 | D:1      | Found a faded altar of an unknown god.
   236 | D:1      | Found Geung's Assorted Antiques.
   314 | D:1      | Reached XP level 2. HP: 13/22 MP: 0/5
  1127 | D:2      | Reached XP level 3. HP: 16/28 MP: 4/6
  1131 | D:2      | Learned a level 3 spell: Stone Arrow
  1218 | D:2      | Reached skill level 5 in Earth Magic
  1750 | D:2      | Noticed Robin
  1875 | D:3      | Identified the +2 leather armour of the Grape {+Inv rF-
                  | rN+}
  1952 | D:3      | Reached skill level 1 in Conjurations
  1952 | D:3      | Reached XP level 4. HP: 19/36 MP: 8/8
  1997 | D:3      | Noticed Grinder
  2007 | D:3      | Killed Grinder
  2008 | D:3      | Reached skill level 6 in Earth Magic
  2008 | D:3      | Reached XP level 5. HP: 10/42 MP: 0/10
  2441 | D:3      | Reached XP level 6. HP: 48/49 MP: 6/10
  2525 | D:3      | Noticed Jessica
  2526 | D:3      | Killed Jessica
  2815 | D:3      | Found a shimmering blue altar of Sif Muna.
  3400 | D:4      | Reached skill level 1 in Evocations
  3551 | D:4      | Found an ancient bone altar of Kikubaaqudgha.
  4229 | D:4      | Noticed Natasha
  4237 | D:4      | Killed Natasha
  4506 | D:4      | Noticed Natasha
  4867 | D:4      | Killed Natasha
  4868 | D:4      | Reached XP level 7. HP: 52/55 MP: 7/11
  4871 | D:4      | Learned a level 2 spell: Passwall
  5209 | D:2      | Reached skill level 7 in Earth Magic
  5264 | D:2      | Killed Robin
  5959 | D:4      | Noticed Natasha
  5963 | D:4      | Found an ancient bone altar of Kikubaaqudgha.
  5967 | D:4      | Killed Natasha
  6296 | D:5      | Entered Level 5 of the Dungeon
  6524 | D:5      | Noticed a troll
  6531 | D:5      | Killed a troll
  6532 | D:5      | Reached skill level 1 in Armour
  6639 | D:5      | Reached skill level 1 in Fighting
  6639 | D:5      | Reached XP level 8. HP: 48/64 MP: 7/13
  7093 | D:6      | Reached skill level 8 in Earth Magic
  7510 | D:6      | Found a staircase to the Ecumenical Temple.
  7519 | Temple   | Entered the Ecumenical Temple
  7602 | Temple   | Became a worshipper of Makhleb the Destroyer
  7701 | D:6      | Noticed a +2 mace of chaos
  7702 | D:6      | Found a runed translucent door.
  7702 | D:6      | Found a shimmering altar of Xom.
  7702 | D:6      | Noticed kevlar127's ghost (novice TrBe)
  7860 | D:6      | Reached skill level 5 in Evocations
  8096 | D:7      | Found Duom's Book Boutique.
  8104 | D:7      | Bought a book of Debilitation for 220 gold pieces
  8108 | D:7      | Learned a level 3 spell: Vampiric Draining
  8213 | D:7      | Gained mutation: You passively map the area around you.
                  | [Deep Dwarf growth]
  8213 | D:7      | Reached XP level 9. HP: 37/74 MP: 6/15
  8317 | D:7      | Reached skill level 1 in Invocations
  8564 | D:7      | Reached skill level 1 in Necromancy
  8764 | D:7      | Reached skill level 5 in Spellcasting
  9043 | D:8      | Found a basalt altar of Yredelemnul.
  9238 | D:8      | Reached skill level 1 in Shields
  9665 | D:8      | Reached * piety under Makhleb
  9762 | D:8      | Noticed Maurice
  9807 | D:8      | Reached skill level 5 in Stealth
 10434 | D:8      | Killed Maurice
 10742 | D:8      | Reached XP level 10. HP: 84/84 MP: 10/17
 11594 | D:8      | Found a basalt altar of Yredelemnul.
 11936 | D:9      | Found an iron altar of Okawaru.
 11939 | D:9      | Reached skill level 5 in Conjurations
 11939 | D:9      | Reached skill level 9 in Earth Magic
 12611 | D:9      | Reached skill level 5 in Dodging
 12817 | D:9      | Found a snail-covered altar of Cheibriados.
 12817 | D:9      | Found a hide-covered altar of Uskayaw.
 12881 | D:10     | Entered Level 10 of the Dungeon
 13013 | D:10     | Noticed a two-headed ogre
 13019 | D:10     | Killed a two-headed ogre
 13046 | D:10     | Noticed a two-headed ogre
 13049 | D:10     | Killed a two-headed ogre
 13156 | D:10     | Noticed a two-headed ogre
 13291 | D:10     | Killed a two-headed ogre
 13365 | D:10     | Found a staircase to the Lair.
 13513 | D:10     | Found a shimmering altar of Xom.
 13516 | D:10     | Reached skill level 5 in Armour
 13581 | D:10     | Noticed a cyclops
 13605 | D:10     | Killed a cyclops
 13908 | D:11     | Noticed a +0 dagger
 13908 | D:11     | Noticed a +0 falchion
 13909 | D:11     | Noticed a +0 spear
 13909 | D:11     | Noticed a +0 dagger
 13945 | D:11     | Noticed a +0 falchion
 13947 | D:11     | Noticed a +0 short sword
 13948 | D:11     | Noticed a +0 short sword
 13948 | D:11     | Noticed a +0 spear
 13967 | D:11     | Reached XP level 11. HP: 89/92 MP: 7/18
 13995 | D:11     | Reached ** piety under Makhleb
 14164 | D:11     | Found a hide-covered altar of Uskayaw.
 14225 | D:11     | Noticed an ogre mage
 14225 | D:11     | Noticed a two-headed ogre
 14225 | D:11     | Noticed a two-headed ogre
 14225 | D:11     | Noticed a two-headed ogre
 14259 | D:11     | Killed a two-headed ogre
 14260 | D:11     | Reached skill level 5 in Invocations
 14313 | D:11     | Killed a two-headed ogre
 14339 | D:10     | Killed a two-headed ogre
 14522 | D:11     | Found a staircase to the Orcish Mines.
 14525 | D:11     | Noticed a six-headed hydra
 14658 | D:11     | Noticed a tengu warrior
 14659 | D:11     | Noticed Urug
 14684 | D:10     | Killed a tengu warrior
 14685 | D:10     | Reached skill level 10 in Earth Magic
 14736 | Lair:1   | Entered Level 1 of the Lair of Beasts
 15441 | Lair:1   | Reached skill level 5 in Necromancy
 15504 | Lair:1   | Reached *** piety under Makhleb
 16097 | Lair:1   | Identified a scroll of acquirement
 16099 | Lair:1   | Acquired a staff of earth
 16127 | Lair:2   | Reached skill level 5 in Fighting
 16129 | Lair:2   | Reached XP level 12. HP: 95/103 MP: 2/20
 16477 | Lair:2   | Noticed a seven-headed hydra
 16566 | Lair:2   | Found a staircase to the Swamp.
 16676 | D:7      | Bought Great Wizards, Vol. II for 418 gold pieces
 16682 | D:7      | Learned a level 5 spell: Borgnjor's Vile Clutch
 16689 | D:7      | Learned a level 6 spell: Eringya's Noxious Bog
 16854 | Lair:2   | Killed a seven-headed hydra
 17327 | Lair:2   | Reached **** piety under Makhleb
 17542 | Lair:2   | Reached skill level 11 in Earth Magic
 17832 | Lair:3   | Noticed Snorg
 17855 | Lair:3   | Killed Snorg
 17892 | Lair:3   | Identified the +3 chain mail of the Shining One {Harm Drain
                  | rC+ Str+2}
 17978 | Lair:3   | Learned a level 5 spell: Lee's Rapid Deconstruction
 18035 | Lair:3   | Noticed Sonja
 18040 | Lair:3   | Killed Sonja
 18806 | D:11     | Killed an ogre mage
 18807 | D:11     | Reached XP level 13. HP: 111/111 MP: 12/22
 19150 | D:11     | Killed Urug
 19506 | D:11     | Found a staircase to the Orcish Mines.
 19553 | D:11     | Found a hide-covered altar of Uskayaw.
 20154 | Lair:4   | Identified the ring "Doutoth" {+Blink Fly rN+ Will+ Dex-3}
 20496 | Lair:4   | Found a hole to the Spider Nest.
 20603 | Lair:4   | Found a snail-covered altar of Cheibriados.
 21124 | D:6      | Killed kevlar127's ghost
 21756 | Lair:5   | Reached skill level 10 in Evocations
 22209 | Lair:5   | Reached ***** piety under Makhleb
 22350 | Lair:5   | Identified the +2 robe of Xom's Whim {+Inv rF- Str+3 SInv}
 22492 | Lair:5   | Reached skill level 12 in Earth Magic
 22817 | Lair:6   | Entered Level 6 of the Lair of Beasts
 22863 | Lair:6   | Found a viscous altar of Jiyva.
 22863 | Lair:6   | Found a staircase to the Slime Pits.
 22884 | Lair:6   | Identified the +0 scale mail "Anloi" {rC+ Will+ rCorr
                  | Int+3}
 23203 | Lair:6   | Reached skill level 10 in Stealth
 23944 | Lair:6   | Gained mutation: You resist negative energy. (rN+) [Deep
                  | Dwarf growth]
 23944 | Lair:6   | Reached XP level 14. HP: 121/121 MP: 19/24
 24528 | Lair:6   | Noticed an azure jelly
 24530 | Lair:6   | Noticed a rockslime
 24530 | Lair:6   | Killed an azure jelly
 24531 | Lair:6   | Noticed a quicksilver ooze
 24532 | Lair:6   | Killed a rockslime
 24533 | Lair:6   | Killed a quicksilver ooze
 24533 | Lair:6   | Noticed an acid blob
 25871 | Lair:6   | Found a corrupted altar of Lugonu.
 25871 | Lair:6   | Found a one-way gate to the infinite horrors of the Abyss.
 26172 | D:12     | Found Renib's Jewellery Emporium.
 27015 | Orc:1    | Entered Level 1 of the Orcish Mines
 27417 | D:12     | Acquired the +0 helmet "Zajiag" {Will++ rCorr Str-2 Stlth+}
 27558 | D:12     | Reached ****** piety under Makhleb
 27805 | D:12     | Reached skill level 10 in Invocations
 27875 | D:12     | Reached skill level 13 in Earth Magic
 28575 | Orc:1    | Found a runed translucent gate.
 28575 | Orc:1    | Found a runed translucent gate.
 28575 | Orc:1    | Found a runed translucent gate.
 28585 | Orc:1    | Noticed MeatMancer's ghost (journeyman MiMo)
 28869 | Orc:1    | Found Fyx Woeng's Distillery.
 29099 | Orc:2    | Entered Level 2 of the Orcish Mines
 29099 | Orc:2    | Found Ponaj's Book Shoppe.
 29121 | Orc:2    | Found Kuxtoss's Antique Weapon Shop.
 29134 | Orc:2    | Found Xatti's Weapon Shoppe.
 29155 | Orc:2    | Reached XP level 15. HP: 130/130 MP: 7/26
 29237 | Orc:2    | Found a staircase to the Elven Halls.
 29262 | Orc:2    | Found Efem's Assorted Antiques.
 30115 | Orc:2    | Noticed an orc warlord
 30126 | Orc:2    | Killed an orc warlord
 30729 | Orc:2    | Found Vounemem's Antique Armour Emporium.
 30730 | Orc:2    | Found Nuxe's Antique Weapon Emporium.
 30732 | Orc:2    | Found Bisch's General Store.
 30732 | Orc:2    | Found Usul's Book Shoppe.
 30748 | Orc:2    | Bought a potion of heal wounds for 85 gold pieces
 30748 | Orc:2    | Bought a scroll of teleportation for 51 gold pieces
 30748 | Orc:2    | Bought a scroll of blinking for 127 gold pieces
 30941 | D:13     | Noticed Lodul
 30948 | D:13     | Killed from afar by Lodul

Illustrated notes

Levels and vault maps discovered:
D:1:      pf_arrival_petrified_forest, layout_loops_ring,
          shapermc_ecumenical_altar_mp_ritualfount, serial_shops,
          shop_fountains, dk_noncrumbling_4
D:2:      layout_loops_ring, minmay_surrounded, uniq_robin
D:3:      layout_loops_ring, nicolae_sif_muna_little_library, uniq_jessica,
          uniq_grinder
D:4:      layout_loops_ring, mainiacjoe_overflow_brackets, uniq_natasha
D:5:      layout_cave_pools
D:6:      layout_loops_ring, lemuel_temple_firewalk_b, ebering_ghost_xom
D:7:      layout_basic, serial_shops, nicolae_stop_n_shop_1,
          lemuel_another_geyser
D:8:      layout_cave_pods, mainiacjoe_overflow_catwalk, chequers_big_river,
          uniq_maurice
D:9:      layout_cave_pods, okawaru_ov_weapons_minmay,
          gammafunk_temple_overflow_wave
D:10:     wad_pebble_path, layout_basic, xom_teletrap_fun, lair_entry_dummy
D:11:     layout_loops_ring, orc_0_dummy, nicolae_uskayaw_en_pointe, uniq_urug
D:12:     nzn_winding_woodlands_medium [nzn_winding_woodlands_5x5_perimeter,
          nzn_winding_woodlands_5x15_zeroes, nzn_winding_woodlands_5x5_three,
          nzn_winding_woodlands_5x5_open_star,
          nzn_winding_woodlands_center_pierced_h,
          nzn_winding_woodlands_5x5_checkerboard,
          nzn_winding_woodlands_5x5_default, nzn_winding_woodlands_5x15_eye,
          nzn_winding_woodlands_5x5_closed_star], layout_cave_pools,
          serial_shops, shop
D:13:     layout_grid_maze, uniq_lodul, uniq_jorgrun
Temple:   regret_index_temple_waves
Lair:1:   layout_roguey [special_room_bee], special_room,
          infiniplex_staircase_pool, lemuel_fruit_fields
Lair:2:   layout_loops_ring, swamp_mist, serial_rivers,
          chequers_serial_rivers_small_3, chequers_serial_rivers_micro_c,
          chequers_serial_rivers_marsh, chequers_serial_rivers_micro_d,
          beast_lair_carwin_3
Lair:3:   dpeg_oklob_gauntlet, layout_regular_city, st_stairs_5, uniq_snorg,
          uniq_sonja
Lair:4:   layout_regular_city, spider_nest_entry_web_field, basic_altar
Lair:5:   layout_loops_ring, beast_lair_carwin_9, grunt_megastairs_5
Lair:6:   hellmonk_lair_end_abyssal_woods, layout_cave_pods,
          dpeg_slime_entry_enclosed_altar, special_room [special_room_jelly],
          nzn_sisyphean_effort
Orc:1:    layout_diamond_mine, ebering_ghost_rock_garden, serial_shops,
          nicolae_shop_stone
Orc:2:    st_orc_congregation, layout_caves, serial_shops, shop, shop,
          nicolae_shop_stone, shop, basic_altar, nicolae_orc_flooded_monolith

Skill      XL: |  1  2  3  4  5  6  7  8  9 10 11 12 13 14 |
---------------+-------------------------------------------+-----
Spellcasting   | 2 3 4 5 6 7 8 |  8.5
Earth Magic    | 5 6 7 8 9 10 11 12 13 | 13.3
Conjurations   | 1 2 3 4 5 6 7 8 |  8.8
Evocations     | 2 3 5 6 7 8 9 10 11 | 11.8
Armour         | 1 2 3 5 6 7 8 9 |  9.5
Fighting       | 1 2 3 4 5 6 7 |  7.8
Stealth        | 3 4 5 6 7 9 10 | 10.0
Dodging        | 3 4 5 6 7 8 9 |  9.9
Invocations    | 3 4 6 7 8 10 | 10.5
Necromancy     | 2 4 5 6 7 8 |  8.9
Shields        | 2 3 4 |  4.0
Transmutations | |  0.8

Action                   |  1- 3 |  4- 6 |  7- 9 | 10-12 | 13-15 || total
-------------------------+-------+-------+-------+-------+-------++-------
Melee: Unarmed           |     4 |       |       |       |       ||     4
       Dagger            |     8 |     6 |     6 |    85 |       ||   105
       Staff             |       |       |       |     8 |     8 ||    16
 Cast: Sandblast         |    56 |     6 |     5 |     1 |     3 ||    71
       Stone Arrow       |       |    55 |   152 |   249 |   398 ||   854
       Vampiric Draining |       |       |    19 |    44 |   114 ||   177
       Borgnjor's Vile C |       |       |       |    30 |   143 ||   173
       Lee's Rapid Decon |       |       |       |     5 |    39 ||    44
 Abil: Heal Wounds       |       |     1 |       |       |       ||     1
       Evoke Blink       |       |       |       |       |     1 ||     1
Evoke: Wand              |       |       |     1 |       |       ||     1
  Use: Scroll            |       |     9 |     5 |    12 |    10 ||    36
       Potion            |       |       |       |       |     1 ||     1
Armor: Robe              |     2 |       |       |       |    11 ||    13
       Leather armour    |     8 |     5 |    25 |     4 |       ||    42
       Acid dragon scale |       |       |       |   110 |    26 ||   136
       Scale mail        |       |       |       |       |    47 ||    47
Dodge: Dodged            |    22 |    14 |    40 |   214 |   120 ||   410
Block: Buckler           |       |       |    10 |    80 |    47 ||   137

Table legend: (Time is in decaauts)
 A = Elapsed time spent in this place.
 B = Non-inter-level travel time spent in this place.
 C = Inter-level travel time spent in this place.
 D = Time resting spent in this place.
 E = Time spent auto-exploring this place.
 F = Levels seen in this place.
 G = Mean time per level.
                   A        B        C        D        E       F      G
               +--------+--------+--------+--------+--------+-----+--------+
         Total |  31072 |  28872 |   2200 |   3317 |  18421 |  22 | 1412.4 |
       Dungeon |  18494 |  17224 |   1270 |   2150 |  11233 |  13 | 1422.6 |
        Temple |    115 |     87 |     28 |      0 |     63 |   1 |  115.0 |
          Lair |   9888 |   9040 |    848 |    888 |   5742 |   6 | 1648.0 |
  Orcish Mines |   2574 |   2522 |     52 |    279 |   1383 |   2 | 1287.0 |
               +--------+--------+--------+--------+--------+-----+--------+

Top non-repeatable levels by time:
     D:8: 3137 daAuts
  Lair:6: 2489 daAuts
     D:4: 2316 daAuts
    D:11: 2026 daAuts
  Lair:5: 1815 daAuts
    D:12: 1788 daAuts
  Lair:1: 1740 daAuts
   Orc:2: 1479 daAuts
     D:2: 1469 daAuts
    D:10: 1454 daAuts
  Lair:2: 1427 daAuts
     D:3: 1418 daAuts
  Lair:4: 1258 daAuts
  Lair:3: 1156 daAuts
   Orc:1: 1095 daAuts
